AoeStats
← Fs.Black_

Coastal Forest

503298822Analyzed
4v4 RM · 1mo ago on Aug 31, 2026· 19m 37s· 8 players
Game mode
Random Map
Map size
Large (8 player)
Population
200
Speed
Normal
Resources
Standard
Victory
Conquest
Starting age
Dark Age
Ending age
Imperial Age
RankedLock teamsTeams togetherTeam positionsShared explorationLock speedFull tech treeHidden civsTurbo modeCheats
Victory
Defeat
🇮🇳 Muisca · India
1919
+8
🇮🇳 Mongols · India
1824
+11
🇮🇳 Georgians · India
1801
+12
🇺🇸 Spanish · United States
1744
+15
🇦🇷 Magyars · Argentina
1881
-19
🇨🇦 Mongols · Canada
1865
-18
🇧🇷 Berbers · Brazil
1774
-14
🇧🇷 Persians · Brazil
1340
-2
Laming Yamal
9:14 Loom
11:26 Feudal Age
13:03 Double-Bit Axe
15:32 Castle Age
15:59 Fletching
16:27 Bow Saw
16:48 Medium Warships
16:40 Bodkin Arrow
19:40 Fishing Lines
link_chaos
6:26 Loom
8:30 Feudal Age
8:54 Man-at-Arms
9:41 Arson
16:43 Fletching
18:33 Padded Archer Armor
Lathkore
10:25 Feudal Age
11:50 Loom
15:05 Castle Age
13:43 Double-Bit Axe
15:03 Horse Collar
16:02 Bow Saw
Valar
9:55 Feudal Age
11:07 Double-Bit Axe
15:21 Loom
16:38 Bloodlines
17:22 Forging
17:59 Fishing Lines
18:24 Fletching
19:02 Scale Barding Armor
Fs.BlinkAoE
6:56 Loom
9:18 Feudal Age
12:44 Scale Barding Armor
15:39 Bloodlines
16:49 Forging
18:18 Double-Bit Axe
Fs.Corisco^Hs
6:20 Loom
8:55 Feudal Age
9:21 Double-Bit Axe
10:21 Horse Collar
17:10 Forging
19:47 Bloodlines
Fs.General Enk
11:00 Feudal Age
12:09 Loom
14:47 Castle Age
12:42 Double-Bit Axe
15:45 Bow Saw
16:18 Medium Warships
18:55 Demolition Ship
Fs.Black_
6:27 Loom
8:43 Feudal Age
12:24 Fletching
17:02 Padded Archer Armor
Connection lost

Rejoining the realm…

Still unreachable

The connection could not be restored.

Session expired

The server has moved on; the page needs a fresh start.